 Dungeon Crawl Stone Soup version 0.22.1-1-ga44c0e56f4 (webtiles) character file.

3850 Peloso the Carver (level 9, 0/79 HPs)
             Began as a Minotaur Fighter on Nov 3, 2018.
             Was an Initiate of Okawaru.
             Killed by divine providence
             ... invoked by an orc priest
              (13 damage)
             ... on level 8 of the Dungeon.
             The game lasted 00:17:31 (7256 turns).

Peloso the Carver (Minotaur Fighter)                Turns: 7256, Time: 00:17:32

Health: 0/79       AC: 16    Str: 28    XL:     9   Next: 99%
Magic:  8/8        EV:  7    Int:  5    God:    Okawaru [......]
Gold:   438        SH: 12    Dex: 11    Spells: 8/8 levels left

rFire    . . .     SeeInvis .   a - +5 falchion
rCold    . . .     Gourm    .   k - +0 shield
rNeg     . . .     Faith    .   c - +0 plate armour
rPois    .         Spirit   .   (helmet restricted)
rElec    .         Reflect  .   n - -2 cloak
rCorr    .         Harm     .   C - +0 pair of gloves
MR       .....                  r - +0 pair of boots
Stlth    ..........             (no amulet)
HPRegen  0.23/turn              F - +5 ring of strength
MPRegen  0.11/turn              B - ring of stealth

@: no status effects
A: retaliatory headbutt, horns 2
a: Renounce Religion


You were on level 8 of the Dungeon.
You worshipped Okawaru.
Okawaru was noncommittal.
You were not hungry.

You visited 1 branch of the dungeon, and saw 8 of its levels.

You collected 438 gold pieces.

Inventory:

Hand Weapons
 a - a +5 falchion (weapon)
 b - a +4 falchion
Armour
 c - a +0 plate armour (worn)
 k - a +0 shield (worn)
 n - a -2 cloak (worn)
 r - a +0 pair of boots (worn)
 C - a +0 pair of gloves (worn)
Jewellery
 s - a +2 ring of intelligence
 B - a ring of stealth (right hand)
 F - a +5 ring of strength (left hand)
Scrolls
 e - 2 scrolls of identify
 i - 2 scrolls of blinking {unknown}
 l - a scroll of remove curse
 m - 3 scrolls of amnesia {unknown}
 q - 3 scrolls of enchant weapon {unknown}
 t - 2 scrolls of fog {unknown}
 u - a scroll of enchant armour {unknown}
 v - 2 scrolls of noise {unknown}
 y - a scroll of teleportation {unknown}
 A - a scroll of random uselessness {unknown}
Potions
 d - a potion of might
 g - 4 potions of curing
 h - 2 potions of magic
 j - a potion of flight
 o - 2 potions of agility
 p - 4 potions of brilliance
 w - 4 potions of mutation
 x - 4 potions of berserk rage
 z - a potion of cancellation {unknown}
 E - a potion of haste {unknown}
Comestibles
 f - 20 rations


   Skills:
 + Level 7.6 Fighting
 + Level 10.3 Long Blades
 + Level 8.5 Armour
 + Level 2.6 Dodging
 + Level 1.8 Stealth
 + Level 9.2 Shields


You had 8 spell levels left.
You didn't know any spells.
Your spell library contained the following spells:

 Spells                   Type           Power        Failure   Level  Hunger
 Sting                    Conj/Pois      #...         100%        1    ##.....
 Poisonous Vapours        Pois/Air       #.....       100%        2    ###....
 Mephitic Cloud           Conj/Pois/Air  #.......     100%        3    ####...
 Olgreb's Toxic Radiance  Pois           #.......     100%        4    #####..
 Venom Bolt               Conj/Pois      #.........   100%        5    ######.


Dungeon Overview and Level Annotations

Branches:
Dungeon (8/15)             Temple (0/1) D:7
   Lair: D:8-11

Altars:
Cheibriados
Elyvilon
Gozag
Okawaru
Trog
Uskayaw
Xom
Zin


Innate Abilities, Weirdness & Mutations

You reflexively headbutt those who attack you in melee.
You have a pair of horns on your head.


Message History

The orc warrior is almost dead.
The orc priest hits you but does no damage.
Your plate armour prevents you from hitting the orc warrior.
The orc warrior is almost dead.
You block the orc warrior's attack. You block the orc priest's attack.
You closely miss the orc priest. You block the orc warrior's attack.
You closely miss the orc priest.
The orc priest mumbles some strange prayers to Beogh against you.
Beogh smites you!
You hit the orc priest.
The orc priest is lightly wounded.
The orc warrior hits you with a glaive!
* * * LOW HITPOINT WARNING * * *
The orc priest hits you with an enchanted war axe.
* * * LOW HITPOINT WARNING * * *
You block the orc warrior's attack.
The orc priest begins to cast a cantrip, but forgets the words!
The orc priest invokes the aid of Beogh against you.
Beogh smites you!
You die...

........................##
.......................
.........#...........#.
########.........>....# #
##.............. #.####
##...........## .#.....##
#...........##
......?.#######........#....
.......oo).@.............###
......$.o#################
.o.......# .........#
.........# .[......##
.#.....## ######


You could see an orc warrior, an orc priest and an orc.

Vanquished Creatures
  Prince Ribbit (D:7)
  Grinder (D:5)
  Duvessa (D:5)
  2 sky beasts
  2 orc warriors
  2 ice beasts
  A phantom (D:7)
  An ogre (D:4)
  A necrophage (D:8)
  2 centaurs
  A gnoll sergeant (D:8)
  7 bullfrogs
  Dowan (D:5)
  2 scorpions
  8 wights
  5 crimson imps
  A quasit (D:8)
  A centaur zombie (D:6)
  A centaur skeleton (D:6)
  3 hounds
  3 orc priests
  4 jellies
  Crazy Yiuf (D:5)
  A bullfrog skeleton (D:8)
  A gnoll shaman (D:5)
  Jessica (D:3)
  Natasha (thrice) (D:2 D:3)
  8 orc wizards
  4 worker ants
  2 hound skeletons
  9 gnolls
  12 adders
  A shadow imp (D:8)
  5 oozes (D:8)
  2 adder skeletons
  A dart slug (D:1)
  3 worms
  3 leopard geckos (D:2)
  18 orcs
  9 bats
  6 giant cockroaches
  8 goblins
  6 hobgoblins
  5 jackals
  6 quokkas
  2 ball pythons
  2 frilled lizards
  A jackal skeleton (D:4)
  7 kobolds
  A leopard gecko zombie (D:5)
  A quokka skeleton (D:5)
  6 rats
186 creatures vanquished.

Notes
Turn   | Place    | Note
-------+----------+-------------------------------------------
     0 | D:1      | Peloso the Minotaur Fighter began the quest for the Orb.
     0 | D:1      | Reached XP level 1. HP: 19/19 MP: 0/0
   370 | D:1      | Reached XP level 2. HP: 27/27 MP: 1/1
   907 | D:2      | Reached XP level 3. HP: 31/33 MP: 2/2
  1032 | D:2      | Reached skill level 3 in Long Blades
  1095 | D:2      | Reached XP level 4. HP: 34/40 MP: 3/3
  1304 | D:2      | Noticed Natasha
  1309 | D:2      | Killed Natasha
  1409 | D:2      | Reached skill level 4 in Long Blades
  1537 | D:2      | Reached XP level 5. HP: 28/47 MP: 4/4
  1770 | D:3      | Noticed Natasha
  1776 | D:3      | Killed Natasha
  1831 | D:3      | Noticed Jessica
  1832 | D:3      | Killed Jessica
  2172 | D:3      | Noticed Natasha
  2180 | D:3      | Killed Natasha
  2515 | D:4      | Reached skill level 5 in Long Blades
  2515 | D:4      | Reached XP level 6. HP: 46/55 MP: 5/5
  2552 | D:4      | Reached skill level 5 in Shields
  3109 | D:4      | Reached skill level 5 in Fighting
  3158 | D:4      | Reached skill level 5 in Armour
  3165 | D:4      | Reached skill level 6 in Long Blades
  3191 | D:4      | Found a bloodstained altar of Trog.
  3258 | D:5      | Entered Level 5 of the Dungeon
  3265 | D:5      | Noticed Grinder
  3267 | D:5      | Paralysed by Grinder for 5 turns
  3309 | D:5      | Killed Grinder
  3309 | D:5      | Reached skill level 1 in Dodging
  3309 | D:5      | Reached XP level 7. HP: 24/61 MP: 6/6
  3500 | D:5      | Found a shimmering altar of Xom.
  3552 | D:5      | Reached skill level 7 in Long Blades
  3673 | D:5      | Found a snail-covered altar of Cheibriados.
  3674 | D:5      | Found a glowing silver altar of Zin.
  3784 | D:5      | Noticed Duvessa
  3795 | D:5      | Noticed Dowan
  3805 | D:5      | Killed Duvessa
  3805 | D:5      | Reached XP level 8. HP: 23/70 MP: 7/7
  3819 | D:5      | Killed Dowan
  4347 | D:5      | Found a runed door.
  4351 | D:5      | Noticed Crazy Yiuf
  4359 | D:5      | Killed Crazy Yiuf
  4359 | D:5      | Reached skill level 8 in Long Blades
  5309 | D:6      | Reached skill level 1 in Stealth
  5631 | D:7      | Reached XP level 9. HP: 74/78 MP: 8/8
  5648 | D:7      | Noticed Prince Ribbit
  5670 | D:7      | Reached skill level 9 in Long Blades
  5846 | D:7      | Killed Prince Ribbit
  6089 | D:7      | Found a staircase to the Ecumenical Temple.
  6442 | D:8      | Found an opulent altar of Gozag.
  6831 | D:8      | Found an iron altar of Okawaru.
  6837 | D:8      | Became a worshipper of Warmaster Okawaru
  6897 | D:8      | Found a hide-covered altar of Uskayaw.
  6905 | D:8      | Reached skill level 10 in Long Blades
  7037 | D:8      | Found a white marble altar of Elyvilon.
  7256 | D:8      | Killed from afar by an orc priest

Skill      XL: |  1  2  3  4  5  6  7  8  9 |
---------------+----------------------------+-----
Fighting       | 4 5 6 7 |  7.6
Armour         | 4 5 7 8 |  8.5
Shields        | 4 5 6 7 9 |  9.2
Long Blades    | 3 4 5 6 7 8 10 | 10.3
Dodging        | 1 2 |  2.6
Stealth        | 1 |  1.8

Action                   |  1- 3 |  4- 6 |  7- 9 || total
-------------------------+-------+-------+-------++-------
Melee: Long sword        |    80 |   186 |   180 ||   446
       Headbutt          |    15 |    27 |    87 ||   129
       Falchion          |       |       |   256 ||   256
  Use: Scroll            |       |     3 |     4 ||     7
       Potion            |       |       |     1 ||     1
  Eat: Chunk             |       |     8 |    13 ||    21
Armor: Scale mail        |    18 |       |       ||    18
       Chain mail        |    33 |    96 |    89 ||   218
       Plate armour      |       |       |    48 ||    48
Dodge: Dodged            |    27 |    41 |    83 ||   151
Block: Shield            |    46 |    94 |   213 ||   353
       Rpst.: Long sword |     6 |    10 |    12 ||    28
       Falchion          |       |       |    13 ||    13
